 Dungeon Sprint DCSS version 0.28-a0-46-g7b1be97da7 (webtiles) character file.

Game seed: 8233994955537064523

68214 night the Devastator (level 14, -1/138 HPs)
             Began as a Green Draconian Conjurer on July 28, 2021.
             Was an Initiate of Gozag.
             Slain by Mennas (16 damage)
             ... in the Dungeon (Sprint IX: "|||||||||||||||||||||||||||||") on July 29, 2021.
             The game lasted 00:39:15 (7803 turns).

night the Devastator (Green Draconian Conjurer)     Turns: 7803, Time: 00:39:16

Health: -1/138     AC: 20    Str:  8    XL:     14   Next: 85%
Magic:  33/46      EV: 17    Int: 31    God:    Gozag
Gold:   9998       SH: 23    Dex: 15    Spells: 19/51 levels left

rFire   . . .      SeeInvis +   v - +8 autumn katana {vorpal, Clar}
rCold   . . .      Faith    .   I - +1 tower shield
rNeg    . . .      Spirit   .   (armour unavailable)
rPois   +          Reflect  +   s - +1 hat
rElec   .          Harm     .   B - +1 cloak
rCorr   .          Rampage  .   l - +2 pair of gloves
Will    +....      Clarity  +   x - +1 pair of boots Stlth +.........NoTele +
                                C - amulet "Vieptu" {Reflect Int+4 Slay+3 SH+5 SInv}
HPRegen 0.33/turn               O - ring "Yfeymiw" {rPois MP+9 Str-2 Int+5 Dex+4}
MPRegen 0.30/turn               N - +4 ring of protection

@: on berserk cooldown, hasted and slowed, glowing, silenced
A: breathe noxious fumes, AC +8, unfitting armour, stinger 1, poison resistance,
cold-blooded
a: Breathe Noxious Fumes, Renounce Religion


You were in the Dungeon.
You worshipped Gozag.
Gozag was greatly pleased with you.
You visited 1 branch You collected 19778 gold pieces.
You spent 3097 gold pieces at shops.
You paid 6683 gold pieces to Gozag.

Inventory:

Hand Weapons
 i - a +0 lajatang
 j - a +2 rapier of venom
 k - a +2 scimitar of flaming
 r - a +2 hunting sling of flaming
 v - the +8 autumn katana (weapon) {vorpal, Clar}
   (You acquired it in the Dungeon)

   It inflicts extra damage upon your enemies.
   Clar:      It protects you against confusion.
Missiles
 g - 15 stones
 m - 125 bolts
 o - 148 arrows
 w - 12 poisoned darts
 D - 5 curare-tipped darts
Armour
 l - a +2 pair of gloves (worn)
 s - a +1 hat (worn)
 x - a +1 pair of boots (worn)
 B - a +1 cloak (worn)
 I - a +1 tower shield (worn)
 M - a +0 buckler
Jewellery
 y - an amulet of regeneration
 C - the amulet "Vieptu" (around neck) {Reflect Int+4 Slay+3 SH+5 SInv}
   (You acquired it in the Dungeon)

   [amulet of reflection]

   It reflects blocked missile attacks.
   Int:       It affects your intelligence (+4).
   Slay:      It affects your accuracy & damage with ranged weapons and melee
   (+3).
   SInv:      It lets you see invisible.
   SH:        It affects your SH (+5).
 E - a ring of protection from cold
 F - a ring of ice
 G - a ring of fire
 H - a ring of see invisible
 N - a +4 ring of protection (right hand)
 O - the ring "Yfeymiw" (left hand) {rPois MP+9 Str-2 Int+5 Dex+4}
   (You bought it in a shop in the Dungeon)

   [ring of magical power]

   Str:       It affects your strength (-2).
   Int:       It affects your intelligence (+5).
   Dex:       It affects your dexterity (+4).
   rPois:     It protects you from poison.
   MP:        It affects your magic capacity (+9).
Wands
 h - a wand of acid (4)
 z - a wand of charming (2)
Scrolls
 e - 2 scrolls of amnesia
 f - a scroll of blinking
 t - 4 scrolls of fear
 u - 2 scrolls of enchant weapon
 K - a scroll of fog
 L - 2 scrolls of enchant armour
Potions
 a - 2 potions of invisibility
 c - 7 potions of curing
 d - 4 potions of magic
 p - a potion of haste
 q - 3 potions of brilliance
 A - a potion of attraction


   Skills:
 + Level 16.8 Fighting
 - Level 12.0 Long Blades
 + Level 14.6 Dodging
 - Level 1.7 Stealth
 * Level 13.6 Shields
 + Level 19.0 Spellcasting
 - Level 20.0 Conjurations
 - Level 6.0 Summonings
 + Level 11.9 Earth Magic


You had 19 spell levels left.
You knew the following spells:

 Your Spells              Type           Power      Damage    Failure   Level
a - Magic Dart            Conj           100%       1d8       0%          1
b - Searing Ray           Conj           100%       3d7       0%          2
c - Iron Shot             Conj/Erth      45%        9d9       1%          6
d - Iskenderun's Mystic   Conj/Tloc      75%        2d15      1%          4
e - Fulminant Prism       Conj/Hex       37%        3d18      1%          4
f - Iskenderun's Battles  Conj           100%       2d15      1%          5
g - Dazzling Flash        Conj/Hex       100%       N/A       1%          3
h - Spellforged Servitor  Conj/Summ      41%        N/A       22%         7

Your spell library contained the following spells:

 Spells                   Type           Power      Damage    Failure   Level


Dungeon Overview and Level Annotations

Branches:
Dungeon (1/1)

Altars:
Cheibriados
Dithmenos
Elyvilon
Fedhas
Gozag
Hepliaklqana
Kikubaaqudgha
Makhleb
Nemelex Xobeh
Okawaru
Qazlal
Ru
Sif Muna
Trog
Uskayaw
Vehumet
Wu Jian
Xom
Yredelemnul
Zin
The Shining One
Beogh
Jiyva
Lugonu

Shops:
D ==[?!!??=*

Annotations:
D Mennas


Innate Abilities, Weirdness & Mutations

You can breathe blasts of noxious fumes.
Your lurid green scales are hard. (AC +8)
You cannot fit into any form of body armour.
Your tail ends in a poisonous barb.
Your system is resistant to poisons. (rPois)
You are cold-blooded and may be slowed by cold attacks.


Message History

Mennas is heavily wounded.
Mennas hits you with a +1 sacred scourge of holy wrath!
* * * LOW HITPOINT WARNING * * *
Mennas hits you but does no damage.
You slash Mennas! Mennas blocks your attack.
Mennas is heavily wounded.
You block Mennas's attack.
Mennas hits you with a +1 sacred scourge of holy wrath!
* * * LOW HITPOINT WARNING * * *
You slash Mennas!
Mennas is severely wounded.
You block Mennas's attack. x2
You miss Mennas.
Your tail-slap misses Mennas.
Mennas is severely wounded.
Mennas hits you with a +1 sacred scourge of holy wrath!!
* * * LOW HITPOINT WARNING * * *
You block Mennas's attack.
You are too berserk!
Okay, then.
You completely miss Mennas.
Your tail-slap misses Mennas.
Mennas is severely wounded.
You are no longer berserk.
You are exhausted.
You feel yourself slow down. You block Mennas's attack.
Mennas completely misses you.
You feel much better. You block Mennas's attack. Mennas misses you.
Aiming: Corrosive Bolt
Press: ? - help, Shift-Dir - straight line, f/p - Mennas
Aim: Mennas, wielding a +1 sacred scourge of holy wrath and wearing a +0 tower shield (silenced, severely wounded, radiating silence, haloed, 43% to hit)
The bolt of acid hits Mennas.
Mennas is splashed with acid.
The acid corrodes Mennas!
Mennas is severely wounded.
Mennas hits you with a +1 sacred scourge of holy wrath!!
* * * LOW HITPOINT WARNING * * *
You block Mennas's attack.
Mennas hits you with a +1 sacred scourge of holy wrath.
* * * LOW HITPOINT WARNING * * *
Mennas hits you with a +1 sacred scourge of holy wrath!
You die...
Your body crumbles into a pile of gold.

▓.▓.▓.▓.▓.▓∩▓.▓)▓.
$
▓.▓.▓.▓.▓.▓.▓.▓.▓.
$
▓.▓[▓.▓'▓.▓.▓.▓.▓.
▓.▓)▓.▓.▓.▓.▓.▓∩▓.
▓.▓)▓)▓.▓.▓.▓.▓.▓.
▓.▓.▓.▓.▓.▓.▓.▓∩▓.
▓.▓.▓(▓.▓.▓.▓.▓(▓.
▓A▓.▓.▓∩▓.▓.▓.▓∩▓.
$
▓@▓.▓.▓∩▓.▓[▓.▓(▓.
▓.▓.▓.▓=▓.▓)▓.▓∩▓.
▓.▓.▓.▓.▓.▓.▓.▓.▓.
▓.▓.▓.▓.▓.▓.▓.▓.▓.
▓.▓.▓.▓'▓.▓.▓.▓.▓.
▓.▓.▓.▓.▓.▓.▓.▓.▓.
▓.▓.▓.▓.▓.▓.▓.▓.▓.
▓.▓'▓.▓.▓.▓'▓.▓'▓)
▓.▓.▓.▓.▓.▓.▓.▓.▓.


You could see Mennas (silencing, corroded).

Vanquished Creatures
  Frances (D)
  A sphinx (D)
  Gastronok (D)
  A storm dragon (D)
  An iron dragon (D)
  A vault warden (D)
  A frost giant (D)
  5 stone giants (D)
  2 very ugly things (D)
  5 ironbound preservers (D)
  3 eleionomae (D)
  3 yaktaur captains (D)
  An ettin (D)
  2 fire dragons (D)
  An ice dragon (D)
  3 ogre magi (D)
  An ironbound thunderhulk (D)
  2 rakshasas (D)
  2 great orbs of eyes (D)
  A spriggan air mage (D)
  A boulder beetle (D)
  A two-headed ogre (D)
  An anaconda (D)
  4 centaur warriors (D)
  A nameless horror (D)
  A tengu warrior (D)
  A satyr (D)
  2 death yaks (D)
  An alligator (D)
  An ironbound frostheart (D)
  A deep troll shaman (D)
  An orc high priest (D)
  A hell knight (D)
  A spriggan berserker (D)
  Sonja (D)
  A goliath frog (D)
  2 swamp dragons (D)
  A salamander mystic (D)
  6 deep trolls (D)
  A necromancer (D)
  2 wolf spiders (D)
  2 cyclopes (D)
  A manticore (D)
  Maurice (D)
  A black mamba (D)
  3 vault sentinels (D)
  A torpor snail (D)
  2 cane toads (D)
  A yaktaur (D)
  4 komodo dragons (D)
  2 trolls (D)
  A jumping spider (D)
  2 hornets (D)
  A blink frog (D)
  2 slime creatures (D)
  3 redbacks (D)
  A spriggan (D)
  2 basilisks (D)
  A human (shapeshifter) (D)
  2 yaks (D)
  A vampire mosquito (D)
  Grum (D)
  An acid dragon (D)
  6 wargs (D)
  2 water moccasins (D)
  14 orc warriors (D)
  A necrophage (D)
  A black bear (D)
  An ogre (D)
  5 wolves (D)
  A boggart (D)
  A centaur (D)
  2 bullfrogs (D)
  A killer bee (D)
  3 orc priests (D)
  4 orc wizards (D)
  A dart slug (D)
  7 orcs (D)
  A goblin (D)
  A ball python zombie (D)
  2 kobolds (D)
  A rat (D)
  A fulminant prism (D)
162 creatures vanquished.

Vanquished Creatures (collateral kills)
  2 stone giants (D)
  A bunyip (D)
  A spark wasp (D)
  A great orb of eyes (D)
  A rakshasa (D)
  An anaconda (D)
  An alligator snapping turtle (D)
  A merfolk aquamancer (D)
  A shock serpent (D)
  A naga sharpshooter (D)
  2 sea snakes (D)
  2 manticores (D)
  2 naga magi (D)
  A merfolk siren (D)
  A merfolk (D)
  A tengu conjurer (D)
  A naga (D)
21 creatures vanquished.

Vanquished Creatures (others)
  An emperor scorpion (D)
  A hornet (D)
  21 fulminant prisms (D)
23 creatures vanquished.

Grand Total: 206 creatures vanquished

Notes
Turn   | Place    | Note
-------+----------+-------------------------------------------
     0 | D        | night the Draconian Conjurer began the quest for the Orb.
     0 | D        | Reached XP level 1. HP: 14/14 MP: 3/3
   284 | D        | Noticed a black bear
   284 | D        | Noticed an ogre
   284 | D        | Noticed a necrophage
   311 | D        | Reached XP level 2. HP: 19/20 MP: 6/6
   319 | D        | Killed a black bear
   320 | D        | Reached skill level 5 in Spellcasting
   320 | D        | Reached skill level 7 in Conjurations
   320 | D        | Reached XP level 3. HP: 11/26 MP: 7/10
   320 | D        | Reached XP level 4. HP: 14/33 MP: 7/11
   346 | D        | Learned a level 2 spell: Searing Ray
   349 | D        | Killed a necrophage
   350 | D        | Reached skill level 8 in Conjurations
   350 | D        | Reached XP level 5. HP: 8/38 MP: 6/14
   350 | D        | Killed an ogre
   351 | D        | Reached skill level 9 in Conjurations
   351 | D        | Reached XP level 6. HP: 10/45 MP: 4/17
   603 | D        | Learned a level 3 spell: Dazzling Flash
   608 | D        | Learned a level 4 spell: Fulminant Prism
   613 | D        | Learned a level 4 spell: Iskenderun's Mystic Blast
   617 | D        | Found a snail-covered altar of Cheibriados.
   617 | D        | Found a shadowy altar of Dithmenos.
   617 | D        | Found a white marble altar of Elyvilon.
   617 | D        | Found a blossoming altar of Fedhas.
   617 | D        | Found an opulent altar of Gozag.
   618 | D        | Found a hazy altar of Hepliaklqana.
   619 | D        | Found a viscous altar of Jiyva.
   620 | D        | Found an ancient bone altar of Kikubaaqudgha.
   621 | D        | Found a corrupted altar of Lugonu.
   622 | D        | Found a burning altar of Makhleb.
   623 | D        | Found a sparkling altar of Nemelex Xobeh.
   624 | D        | Found an iron altar of Okawaru.
   625 | D        | Became a worshipper of Gozag Ym Sagoz the Greedy
   626 | D        | Found a stormy altar of Qazlal.
   627 | D        | Found a sacrificial altar of Ru.
   628 | D        | Found a shimmering blue altar of Sif Muna.
   629 | D        | Found a bloodstained altar of Trog.
   630 | D        | Found a hide-covered altar of Uskayaw.
   631 | D        | Found a radiant altar of Vehumet.
   632 | D        | Found an ornate altar of the Wu Jian Council.
   633 | D        | Found a shimmering altar of Xom.
   634 | D        | Found a basalt altar of Yredelemnul.
   635 | D        | Found a glowing silver altar of Zin.
   636 | D        | Found a glowing golden altar of the Shining One.
   670 | D        | Noticed an orc warrior
   670 | D        | Noticed a yak
   670 | D        | Noticed an orc warrior
   674 | D        | Reached skill level 10 in Conjurations
   675 | D        | Killed a yak
   676 | D        | Reached skill level 11 in Conjurations
   676 | D        | Killed an orc warrior
   677 | D        | Reached skill level 10 in Spellcasting
   677 | D        | Your scales start taking on a lurid green colour.
   677 | D        | Reached XP level 7. HP: 48/50 MP: 10/20
   677 | D        | Gained mutation: Your system is resistant to poisons.
                  | (rPois) [Green Draconian growth]
   689 | D        | Reached skill level 12 in Conjurations
   804 | D        | Noticed a centaur warrior
   804 | D        | Noticed a two-headed ogre
   804 | D        | Noticed a human
   804 | D        | Noticed a manticore
   811 | D        | Killed a two-headed ogre
   811 | D        | HP: 6/50 [centaur warrior/arrow (16)]
   812 | D        | Reached skill level 12 in Spellcasting
   812 | D        | Reached skill level 13 in Conjurations
   812 | D        | Reached XP level 8. HP: 7/57 MP: 15/24
   815 | D        | Killed a centaur warrior
   816 | D        | Reached skill level 14 in Conjurations
   816 | D        | Reached XP level 9. HP: 36/62 MP: 13/26
   824 | D        | Killed a manticore
   825 | D        | Reached skill level 15 in Conjurations
  1163 | D        | Noticed a komodo dragon
  1163 | D        | Noticed a komodo dragon
  1165 | D        | Noticed a death yak
  1168 | D        | Killed a komodo dragon
  1169 | D        | Reached skill level 1 in Fighting
  1169 | D        | Reached skill level 1 in Long Blades
  1169 | D        | Reached skill level 2 in Dodging
  1170 | D        | Reached skill level 2 in Fighting
  1170 | D        | Reached skill level 2 in Long Blades
  1320 | D        | Reached skill level 14 in Spellcasting
  1326 | D        | Killed a komodo dragon
  1430 | D        | Killed a death yak
  1431 | D        | Reached skill level 5 in Fighting
  1431 | D        | Reached XP level 10. HP: 43/81 MP: 1/28
  1612 | D        | Noticed a cane toad
  1612 | D        | Noticed a torpor snail
  1616 | D        | Noticed a cane toad
  1618 | D        | Noticed a death yak
  1619 | D        | Reached skill level 5 in Long Blades
  1619 | D        | Reached skill level 5 in Dodging
  1621 | D        | Killed a cane toad
  1621 | D        | Noticed a boulder beetle
  1622 | D        | Killed a cane toad
  1630 | D        | Killed a torpor snail
  1631 | D        | Reached skill level 16 in Conjurations
  1791 | D        | Killed a death yak
  2643 | D        | Acquired the +8 autumn katana {vorpal, Clar}
  2644 | D        | Found the +8 autumn katana {vorpal, Clar}
  2670 | D        | Bought an amulet of regeneration for 480 gold pieces
  2684 | D        | Noticed Maurice
  2703 | D        | Killed Maurice
  2704 | D        | Reached XP level 11. HP: 94/94 MP: 18/30
  2762 | D        | Noticed Gastronok
  2785 | D        | Killed Gastronok
  2984 | D        | Noticed a stone giant
  3007 | D        | Killed a stone giant
  3094 | D        | Noticed an orc high priest
  3115 | D        | Killed an orc high priest
  3116 | D        | Reached skill level 10 in Fighting
  3116 | D        | Reached skill level 17 in Conjurations
  3262 | D        | Found Ronekat's Distillery.
  3262 | D        | Noticed an ogre mage
  3262 | D        | Noticed a deep troll
  3262 | D        | Noticed a deep troll
  3262 | D        | Noticed a deep troll
  3262 | D        | Noticed an ogre mage
  3262 | D        | Noticed a deep troll
  3264 | D        | Noticed a deep troll
  3269 | D        | Killed a deep troll
  3270 | D        | Killed an ogre mage
  3270 | D        | Killed a deep troll
  3273 | D        | Killed a deep troll
  3274 | D        | Reached skill level 10 in Long Blades
  3274 | D        | Found Eneid's Distillery.
  3274 | D        | Noticed an ogre mage
  3277 | D        | Killed an ogre mage
  3284 | D        | Killed a deep troll
  3285 | D        | Reached skill level 16 in Spellcasting
  3285 | D        | Reached XP level 12. HP: 92/110 MP: 23/32
  3302 | D        | Killed an ogre mage
  3303 | D        | Found Arrerid's Magic Scroll Emporium.
  3315 | D        | Found Qaidghes's Magic Scroll Shoppe.
  3316 | D        | Noticed a stone giant
  3328 | D        | Noticed a stone giant
  3330 | D        | Killed a stone giant
  3331 | D        | Reached skill level 10 in Dodging
  3353 | D        | Killed a stone giant
  3354 | D        | Reached skill level 12 in Fighting
  3373 | D        | Bought a potion of invisibility for 88 gold pieces
  3373 | D        | Bought a potion of attraction for 33 gold pieces
  3375 | D        | Bought a scroll of identify for 20 gold pieces
  3382 | D        | Bought a scroll of acquirement for 624 gold pieces
  3382 | D        | Bought a scroll of acquirement for 624 gold pieces
  3382 | D        | Acquired a book of Power
  3390 | D        | Learned a level 5 spell: Iskenderun's Battlesphere
  3397 | D        | Learned a level 6 spell: Iron Shot
  3405 | D        | Learned a level 7 spell: Spellforged Servitor
  3411 | D        | Acquired the amulet "Vieptu" {Reflect Int+4 Slay+3 SH+5
                  | SInv}
  3488 | D        | Noticed Sonja
  3498 | D        | Killed Sonja
  3499 | D        | Reached skill level 18 in Conjurations
  3612 | D        | Noticed a rakshasa
  3612 | D        | Noticed a centaur warrior
  3612 | D        | Noticed a boulder beetle
  3621 | D        | Killed a rakshasa
  3634 | D        | Reached skill level 5 in Summonings
  3641 | D        | Killed a centaur warrior
  3876 | D        | Reached skill level 1 in Shields
  3876 | D        | Reached skill level 1 in Earth Magic
  3930 | D        | Killed a boulder beetle
  3950 | D        | Reached skill level 2 in Shields
  3950 | D        | Reached skill level 2 in Earth Magic
  4108 | D        | Noticed a great orb of eyes
  4112 | D        | Killed a great orb of eyes
  4184 | D        | Noticed a stone giant
  4185 | D        | Noticed a rakshasa
  4186 | D        | Noticed a great orb of eyes
  4187 | D        | Noticed a stone giant
  4188 | D        | Noticed a tengu warrior
  4199 | D        | Killed a stone giant
  4211 | D        | Killed a rakshasa
  4218 | D        | Killed a great orb of eyes
  4223 | D        | HP: 16/113 [stone giant/large rock (35)]
  4631 | D        | Killed a stone giant
  4632 | D        | Reached XP level 13. HP: 122/122 MP: 15/33
  4960 | D        | Noticed an eleionoma
  4960 | D        | Noticed an eleionoma
  4976 | D        | Killed an eleionoma
  4979 | D        | Reached skill level 5 in Shields
  4982 | D        | Noticed a bunyip
  4986 | D        | Reached skill level 5 in Earth Magic
  4991 | D        | Killed an eleionoma
  5195 | D        | Killed a bunyip
  5236 | D        | Noticed an eleionoma
  5250 | D        | Killed an eleionoma
  5369 | D        | Reached skill level 12 in Long Blades
  5386 | D        | Reached skill level 12 in Dodging
  5519 | D        | Reached skill level 14 in Fighting
  5540 | D        | Reached skill level 19 in Conjurations
  5697 | D        | Noticed an emperor scorpion
  5711 | D        | Killed an emperor scorpion
  5723 | D        | Upgraded the game from 0.28-a0-43-g560ac104fe to
                  | 0.28-a0-46-g7b1be97da7
  5939 | D        | Bought a +4 ring of protection for 540 gold pieces
  5939 | D        | Bought the ring "Yfeymiw" {rPois MP+9 Str-2 Int+5 Dex+4}
                  | for 688 gold pieces
  6009 | D        | Noticed Frances
  6017 | D        | Killed Frances
  6070 | D        | Noticed Grum
  6079 | D        | Killed Grum
  6146 | D        | Noticed an ettin
  6146 | D        | Noticed a white very ugly thing
  6146 | D        | Noticed a spark wasp
  6146 | D        | Noticed a stone giant
  6146 | D        | Noticed a storm dragon
  6153 | D        | Noticed a stone giant
  6153 | D        | Killed a white very ugly thing
  6155 | D        | Killed an ettin
  6157 | D        | Killed a spark wasp
  6165 | D        | Killed a stone giant
  6167 | D        | Noticed an iron dragon
  6597 | D        | Killed a storm dragon
  6598 | D        | Gained mutation: Your tail ends in a poisonous barb. [Green
                  | Draconian growth]
  6598 | D        | Reached XP level 14. HP: 135/135 MP: 25/35
  6673 | D        | Killed a stone giant
  6674 | D        | Reached skill level 18 in Spellcasting
  6762 | D        | Noticed a frost giant
  6768 | D        | Killed a frost giant
  6898 | D        | Killed an iron dragon
  6899 | D        | Reached skill level 10 in Shields
  6960 | D        | Reached skill level 10 in Earth Magic
  7108 | D        | Noticed a green very ugly thing
  7114 | D        | Killed a green very ugly thing
  7240 | D        | Noticed an ironbound preserver
  7241 | D        | Noticed an ironbound preserver
  7249 | D        | Reached skill level 20 in Conjurations
  7250 | D        | Noticed a vault warden
  7253 | D        | Noticed an ironbound preserver
  7254 | D        | Killed an ironbound preserver
  7255 | D        | Reached skill level 16 in Fighting
  7258 | D        | Noticed an ironbound preserver
  7264 | D        | Reached skill level 14 in Dodging
  7265 | D        | Killed an ironbound preserver
  7271 | D        | Killed an ironbound preserver
  7272 | D        | Reached skill level 12 in Shields
  7273 | D        | Noticed a sphinx
  7294 | D        | Killed a vault warden
  7294 | D        | Killed an ironbound preserver
  7373 | D        | Killed a sphinx
  7650 | D        | Noticed an ironbound preserver
  7657 | D        | Killed an ironbound preserver
  7753 | D        | Noticed Mennas
  7803 | D        | HP: 19/138 [Mennas (19)]
  7803 | D        | Slain by Mennas

Illustrated notes

Levels and vault maps discovered:
D:        linesprint [early_d, line_temple, items_1, d_10, items_2, lair_1,
          lair_end, items_3, orc_1, orc_end, items_4, d_15, swamp_1, shoals_1,
          snake_1, spider_1, d_20, vaults_1, items_5, swamp_end, shoals_end,
          snake_end, spider_end, vaults_end, d_27, items_6, zot_1, zot_end,
          crypt_end, forest_end, elf_end, slime_end, tomb_end, abyss_end,
          pan_hell_end]

Skill      XL: |  1  2  3  4  5  6  7  8  9 10 11 12 13 14 |
---------------+-------------------------------------------+-----
Spellcasting   | 3 5 7 8 10 12 13 14 15 16 17 19 | 19.0
Conjurations   | 7 8 9 11 13 14 15 16 17 18 19 20 | 20.0
Fighting       | 5 8 11 13 15 16 | 16.8
Long Blades    | 4 7 10 11 12 | 12.0
Dodging        | 4 7 9 11 13 14 | 14.6
Summonings     | 6 |  6.0
Shields        | 4 9 13 | 13.6
Earth Magic    | 4 9 11 | 11.9
Stealth        | |  1.7

Action                   |  1- 3 |  4- 6 |  7- 9 | 10-12 | 13-15 || total
-------------------------+-------+-------+-------+-------+-------++-------
Melee: Unarmed           |    41 |     9 |       |       |       ||    50
       Tailslap          |     2 |     1 |       |    18 |    17 ||    38
       Scimitar          |       |       |     2 |    15 |       ||    17
       Katana            |       |       |       |    95 |   154 ||   249
 Cast: Magic Dart        |     6 |     1 |    17 |    16 |    15 ||    55
       Searing Ray       |       |     4 |     9 |    25 |     5 ||    43
       Fulminant Prism   |       |       |     5 |    17 |       ||    22
       Iskenderun's Myst |       |       |    10 |    24 |     8 ||    42
       Dazzling Flash    |       |       |       |     2 |       ||     2
       Iron Shot         |       |       |       |    13 |    47 ||    60
       Iskenderun's Batt |       |       |       |     3 |     6 ||     9
       Spellforged Servi |       |       |       |     1 |     8 ||     9
Invok: Call Merchant     |       |       |       |     4 |     2 ||     6
       Potion Petition   |       |       |       |     2 |     1 ||     3
 Abil: Breathe Noxious F |       |       |     4 |     4 |    13 ||    21
Evoke: Wand              |       |       |       |     4 |     4 ||     8
  Use: Potion            |     2 |     2 |     1 |     1 |     3 ||     9
       Scroll            |       |     1 |     2 |     5 |       ||     8
 Stab: Distracted        |       |       |       |     2 |       ||     2
       Confused          |       |       |       |       |    10 ||    10
Armor: Skin              |    10 |    10 |     4 |    34 |    35 ||    93
Dodge: Dodged            |    19 |    17 |     9 |    90 |    67 ||   202
Block: Other             |       |       |       |     4 |     1 ||     5
       Reflection        |       |       |       |     1 |     6 ||     7
       Buckler           |       |       |       |       |    30 ||    30
       Tower shield      |       |       |       |       |    76 ||    76
       Rpst.: Scimitar   |       |     1 |     1 |     4 |       ||     6
       Katana            |       |       |       |    11 |     9 ||    20

Table legend: (Time is in decaauts)
 A = Elapsed time spent in this place.
 B = Non-inter-level travel time spent in this place.
 C = Inter-level travel time spent in this place.
 D = Time resting spent in this place.
 E = Time spent auto-exploring this place.
 F = Levels seen in this place.
 G = Mean time per level.
                   A        B        C        D        E       F      G
               +--------+--------+--------+--------+--------+-----+--------+
         Total |   7688 |   7546 |    142 |   3636 |   1658 |   1 | 7688.0 |
       Dungeon |   7688 |   7546 |    142 |   3636 |   1658 |   1 | 7688.0 |
               +--------+--------+--------+--------+--------+-----+--------+

Top non-repeatable levels by time:
       D: 7688 daAuts
